[Event "Late-Titled-Tuesday-Blitz-March-12-2024"]
[Site "Chess.com"]
[Date "2024.03.12"]
[Round "4"]
[White "shirovin"]
[Black "Veleamater"]
[Result "0-1"]
[WhiteElo "2050"]
[BlackElo "2318"]
[TimeControl "180+1"]
[EndTime "14:38:14 PDT"]
[Termination "Veleamater won on time"]

1. e4 e5 2. Nf3 Nc6 3. Bc4 Nf6 4. d3 Be7 5. O-O O-O 6. Re1 d6 7. Nbd2 Be6 8. Bxe6 fxe6 9. c3 d5 10. Qb3 Qd6 11.
Nf1 Rab8 12. Ng3 Nd7 13. Bg5 Bxg5 14. Nxg5 h6 15. Nf3 a5 16. a4 Nc5 17. Qc2 Rbd8 18.
Rad1 Rfe8 19. Rd2 d4 20. Red1 Qf8 21. Rc1 b6 22. c4 Nb4 23. Qd1 Qf4 24. b3 Ncxd3 25.
Ne2 Qxe4 26. Ng3 Qh7 27. Rb1 e4 28. Ne1 Nxe1 29. Qxe1 e3 30. fxe3 dxe3 31. Rxd8 Rxd8 32. Rb2 Nd3 33. Qd1 Rd6 34. Re2 Nf4 35. Qe1 Nxe2+ 36. Qxe2 Qd3 37. h3 Qxe2 38. Nxe2 Rd3 39. Kf1 Rxb3 40.
Nf4 Kf7 41. Ke2 Rb4 42. Kxe3 Rxc4 43. Nd3 Rc3 44. Ke4 Rxd3 45. Kxd3 c5 46. Kc4 e5 47.
Kb5 e4 48. Kc4 e3 49. Kc3 Ke6 50. Kd3 Kd5 51. Kxe3 c4 52. Kd2 Kd4 53. Kc2 c3 54. g4 Kc4 55. h4 g5 56. h5 Kb4 0-1

[Event "Late-Titled-Tuesday-Blitz-March-12-2024"]
[Site "Chess.com"]
[Date "2024.03.12"]
[Round "4"]
[White "Sina_Movahed"]
[Black "Zohid6"]
[Result "0-1"]
[WhiteElo "3038"]
[BlackElo "2897"]
[TimeControl "180+1"]
[EndTime "14:38:16 PDT"]
[Termination "Zohid6 won by resignation"]

1. Nf3 Nf6 2. c4 e6 3. g3 d5 4. Bg2 Be7 5. O-O O-O 6. d4 dxc4 7. Qc2 a6 8. a4 Bd7 9. Qxc4 Bc6 10. Bg5 Nbd7 11.
Nc3 h6 12. Bf4 Nb6 13. Qd3 Nbd5 14. Rfd1 Nb4 15. Qb1 Bd6 16. Bd2 Nbd5 17. Be1 b6 18.
Qd3 Qc8 19. b3 Qb7 20. Rac1 Rfd8 21. Nb1 Ne7 22. Nbd2 Rac8 23. Nh4 Bxg2 24. Nxg2 c5 25. Nc4 Bb8 26. Qc3 Ned5 27. Qf3 cxd4 28. Rxd4 b5 29. axb5 axb5 30. Rdd1 Ba7 31. Ne5 Rxc1 32. Rxc1 Rc8 33. Rd1 Rc2 34. Nf4 Qc7 35. Nxd5 Nxd5 36. Nd3 g6 37. h4 h5 38. Rd2 Rxd2 39. Bxd2 Qc2 40. Bg5 Qxb3 41. e4 Qb1+ 42. Kg2 Nc3 43. Bf6 Qc2 44. Kh2 Nd1 45. Kg1 Be3 46. Be5 Qxd3 47.
Qf6 Bxf2+ 48. Kg2 Ne3+ 0-1

[Event "Late-Titled-Tuesday-Blitz-March-12-2024"]
[Site "Chess.com"]
[Date "2024.03.12"]
[Round "4"]
[White "Igor_Lysyj"]
[Black "Durarbayli"]
[Result "0-1"]
[WhiteElo "2828"]
[BlackElo "3002"]
[TimeControl "180+1"]
[EndTime "14:38:16 PDT"]
[Termination "Durarbayli won by resignation"]

1. d4 Nf6 2. c4 e6 3. Nf3 b6 4. a3 Bb7 5. Nc3 d5 6. Bf4 Be7 7. cxd5 exd5 8. Qa4+ c6 9. e3 O-O 10. Bd3 a5 11. O-O Ba6 12. Bxa6 Rxa6 13. Bxb8 b5 14. Qc2 Qxb8 15. a4 b4 16. Ne2 Rc8 17. Qd3 Rb6 18.
Rac1 b3 19. Ng3 Bd6 20. Nf5 Bf8 21. Ng3 Bd6 22. Nd2 h5 23. f4 c5 24. dxc5 Bxc5 25.
Rc3 Re6 26. Nf5 g6 27. Nxb3 Bb6 28. Rxc8+ Qxc8 29. Rc1 Qe8 30. Nbd4 gxf5 31. Nxe6 Qxe6 32. Kh1 Bxe3 33. Re1 Ng4 34. Qe2 Nf2+ 35. Kg1 Ng4+ 36. Kh1 Nf2+ 37. Kg1 Nd3+ 38. Qxe3 Nxe1 39. Qg3+ Kh7 40.
Qh3 Nc2 41. Qxh5+ Kg8 42. Qg5+ Kf8 43. Qd8+ Kg7 44. Qg5+ Qg6 45. Qe7 Nb4 46. Kf2 Qf6 47. Qxf6+ Kxf6 48. Ke3 Ke6 49. h4 Nc6 50. g3 Kf6 51.
Kd3 Kg6 0-1

[Event "Late-Titled-Tuesday-Blitz-March-12-2024"]
[Site "Chess.com"]
[Date "2024.03.12"]
[Round "4"]
[White "Yeritsyaan"]
[Black "JacksterThePro"]
[Result "1-0"]
[WhiteElo "2647"]
[BlackElo "2467"]
[TimeControl "180+1"]
[EndTime "14:38:17 PDT"]
[Termination "Yeritsyaan won on time"]

1. c4 e6 2. Nf3 d5 3. e3 Nf6 4. b3 c6 5. Bb2 Bd6 6. Be2 O-O 7. O-O Nbd7 8. d3 Qe7 9. a3 b6 10. Nbd2 Bb7 11. Qc2 Rac8 12. Rfe1 Rfe8 13. Bf1 e5 14. g3 c5 15. cxd5 Nxd5 16. Bg2 h6 17. Rad1 Qe6 18.
Qb1 Bf8 19. Qa1 g6 20. Nc4 Bg7 21. h4 b5 22. Na5 Ba8 23. e4 Ne7 24. b4 Nc6 25. Nxc6 Bxc6 26. Kh2 Rcd8 27. Bh3 f5 28. h5 Nf6 29. hxg6 Ng4+ 30. Kg1 Qxg6 31. Nh4 Qh5 32.
bxc5 Bf6 33. Bxg4 fxg4 34. Nf5 Rf8 35. Bxe5 Qg5 36. Bxf6 Rxf6 37. Ne7+ Kf7 38. Nxc6 Rxc6 39. d4 h5 40. Qa2+ Kf8 41. Qd2 Qg6 42. Qe3 Rf6 43. e5 Rf3 44. Qe4 Qg5 45. e6 Re8 46. Qe5 Qh6 47. Re3 Rf6 48. d5 h4 49. Rd4 hxg3 50.
Rxg3 Qc1+ 51. Kg2 1-0

[Event "Late-Titled-Tuesday-Blitz-March-12-2024"]
[Site "Chess.com"]
[Date "2024.03.12"]
[Round "4"]
[White "KetiTsatsalashvili"]
[Black "JaloliddinIlkhomi"]
[Result "1-0"]
[WhiteElo "2455"]
[BlackElo "2632"]
[TimeControl "180+1"]
[EndTime "14:38:17 PDT"]
[Termination "KetiTsatsalashvili won by resignation"]

1. d4 Nf6 2. Nf3 e6 3. c4 b6 4. Nc3 Bb7 5. Bg5 Be7 6. g3 Ne4 7. Bxe7 Qxe7 8. Nxe4 Bxe4 9. Bg2 O-O 10. O-O f5 11.
Nd2 Bxg2 12. Kxg2 d6 13. Qc2 Nd7 14. e4 f4 15. f3 e5 16. Nb3 Qg5 17. g4 h5 18. h3 Rf6 19. c5 bxc5 20. dxc5 Nxc5 21. Nxc5 dxc5 22. Qxc5 Rb8 23. Qf2 Rfb6 24. b3 Rd6 25. Rfd1 Rbd8 26. Rxd6 Rxd6 27. Rc1 Qd8 28. Rc2 Rd3 29.
Qe2 hxg4 30. hxg4 Rd1 31. Qc4+ Kh7 32. Qf7 Rd2+ 33. Rxd2 Qxd2+ 34. Kh3 Qd6 35. g5 Qg6 36. Qf5 a5 37. Kg4 Qxf5+ 38. Kxf5 c5 39. Kxe5 Kg6 40.
Kxf4 a4 41. Kg4 Kf7 42. f4 Ke6 43. g6 Kf6 44. f5 Ke5 45. Kf3 a3 46. Ke3 Kf6 47.
Kf4 c4 48. bxc4 Ke7 49. e5 1-0

[Event "Late-Titled-Tuesday-Blitz-March-12-2024"]
[Site "Chess.com"]
[Date "2024.03.12"]
[Round "4"]
[White "Eloist"]
[Black "AlexTruskavetsky"]
[Result "0-1"]
[WhiteElo "2454"]
[BlackElo "2689"]
[TimeControl "180+1"]
[EndTime "14:38:19 PDT"]
[Termination "AlexTruskavetsky won on time"]

1. e4 c5 2. Nf3 Nc6 3. Bb5 d6 4. O-O Bd7 5. Re1 e5 6. c3 f6 7. d4 cxd4 8. cxd4 g6 9. Nc3 Nh6 10. h3 Nf7 11. Be3 Bg7 12. Qd2 O-O 13. Rad1 a6 14. Bc4 Kh8 15. dxe5 Nfxe5 16. Nxe5 Nxe5 17. Be2 Nf7 18. Bc4 Ne5 19. Be2 Nf7 20. f4 f5 21.
Bd4 Be6 22. Bf3 Rb8 23. exf5 Bxf5 24. g4 Bd7 25. Bxg7+ Kxg7 26. Qd4+ Qf6 27. Bd5 Qxd4+ 28. Rxd4 Bc6 29. Bb3 Rbe8 30. Rxe8 Rxe8 31. Bxf7 Kxf7 32. Rxd6 Re3 33. Kh2 Rf3 34. Rd4 Rf2+ 35. Kg3 Rxb2 36. f5 Rc2 37. Ne4 Bxe4 38. Rxe4 Rxa2 39. Rc4 gxf5 40.
gxf5 Rb2 41. Rc7+ Kf6 42. Rxh7 Kxf5 43. h4 Rb3+ 44. Kg2 Kg4 45. h5 Kg5 46. h6 Kg6 47.
Rh8 Rb5 48. Kf3 a5 49. Ke4 Rb4+ 50. Kd5 b6 51. Kc6 a4 0-1

[Event "Late-Titled-Tuesday-Blitz-March-12-2024"]
[Site "Chess.com"]
[Date "2024.03.12"]
[Round "4"]
[White "ozates"]
[Black "Viktor_Poddubnyi"]
[Result "0-1"]
[WhiteElo "2572"]
[BlackElo "2273"]
[TimeControl "180+1"]
[EndTime "14:38:20 PDT"]
[Termination "Viktor_Poddubnyi won on time"]

1. e4 g6 2. d4 Bg7 3. Nc3 d6 4. Be3 a6 5. Qd2 b5 6. f4 Bb7 7. a3 Nf6 8. e5 Nd5 9. Nxd5 Bxd5 10. Nf3 Nd7 11. Be2 Nb6 12. b3 O-O 13. O-O e6 14. Rad1 Qe7 15. Qb4 Rfb8 16. exd6 cxd6 17. Qd2 Rc8 18. Rc1 Rc7 19. Qa5 Rc6 20. Nd2 Rac8 21. Bd3 Qb7 22. a4 Bxg2 23. Rf2 Bd5 24. axb5 axb5 25.
Qxb5 R6c7 26. c4 Bc6 27. Qb4 Nd7 28. Qxd6 Nf6 29. Qa3 Ne4 30. Bxe4 Bxe4 31. c5 Bc6 32. Nc4 Rd8 33. Nd6 Qb8 34. b4 Ra7 35. Qb3 Rxd6 36. cxd6 Qxd6 37. b5 Bb7 38. b6 Ra6 39. d5 Bxd5 40.
Rc8+ Bf8 41. Qc2 Kg7 42. Bd4+ Kh6 43. f5 exf5 44. Qd2+ g5 45. Be3 Ra1+ 0-1

[Event "Late-Titled-Tuesday-Blitz-March-12-2024"]
[Site "Chess.com"]
[Date "2024.03.12"]
[Round "4"]
[White "vugarrasulov"]
[Black "HansOnTwitch"]
[Result "1/2-1/2"]
[WhiteElo "2944"]
[BlackElo "3107"]
[TimeControl "180+1"]
[EndTime "14:38:22 PDT"]
[Termination "Game drawn - insufficient material"]

1. e4 c5 2. Nf3 d6 3. d4 cxd4 4.
Nxd4 Nf6 5. Nc3 a6 6. Be3 e5 7.
Nf3 Be7 8. Bc4 O-O 9. O-O Be6 10. Bxe6 fxe6 11. Na4 Nfd7 12. c4 Nc6 13. Rc1 b6 14. a3 Nc5 15. Nc3 a5 16. Qe2 a4 17. Rcd1 Ra7 18. h3 h6 19. Rfe1 Qe8 20. Nb5 Rd7 21. Nd2 Qg6 22. Qg4 Qxg4 23. hxg4 Nd3 24. Rf1 Rb8 25.
b4 axb3 26. Nxb3 Nb2 27. Rc1 Na4 28. Rfd1 Rbb7 29. Kf1 Nc5 30. Bxc5 dxc5 31. Rxd7 Rxd7 32. Ke2 Kh7 33. Rd1 Nd4+ 34. N3xd4 cxd4 35. Kd3 Kg6 36. g3 Kg5 37. f3 Bc5 38. Rh1 g6 39. Rh2 Rf7 40.
Rf2 h5 41. gxh5 gxh5 42. a4 Kh6 43. f4 h4 44. Rh2 Be7 45. Nc7 exf4 46. gxf4 Rxf4 47.
Nxe6 Rf3+ 48. Kxd4 h3 49. e5 Kh5 50. Rxh3+ Rxh3 51.
Nf4+ Kg4 52. Nxh3 Kxh3 53. Kd5 Kg4 54. Kc6 Kf5 55. Kxb6 Kxe5 56. a5 Kd4 57. a6 Bc5+ 58. Kb5 Ba7 59. Kb4 Ke5 60. Kb5 Kd6 61. c5+ Bxc5 62.
a7 Bxa7 1/2-1/2

[Event "Late-Titled-Tuesday-Blitz-March-12-2024"]
[Site "Chess.com"]
[Date "2024.03.12"]
[Round "4"]
[White "IMSlavin"]
[Black "amiralfio"]
[Result "1-0"]
[WhiteElo "2284"]
[BlackElo "2657"]
[TimeControl "180+1"]
[EndTime "14:38:22 PDT"]
[Termination "IMSlavin won by checkmate"]

1. e4 c5 2. g3 e6 3. Bg2 Nc6 4. Ne2 g6 5. O-O Bg7 6. Nbc3 Nge7 7. a3 d5 8. exd5 exd5 9. d3 O-O 10. Rb1 b6 11. b4 Be6 12. Bf4 Qd7 13. bxc5 bxc5 14. Na4 c4 15. Nc5 Qc8 16. Nxe6 Qxe6 17. d4 Nf5 18. c3 Rfe8 19. Re1 Nd6 20. Kf1 Ne4 21. Qc2 Qe7 22. Qa4 g5 23. Be3 Qe6 24. Rb7 Rab8 25. Reb1 Rxb7 26. Rxb7 Nxf2 27. Bxf2 Qxe2+ 28. Kg1 Qe6 29. Qb5 Rd8 30. Rc7 Ne7 31. Qb7 Nf5 32. Bh3 h5 33. Rc6 Qe4 34. Bxf5 Qxf5 35. Qe7 Rb8 36. Qe1 h4 37. gxh4 gxh4 38. Bxh4 Rb2 39.
Bg3 Qf3 40. Bf2 Re2 41. Rc8+ Kh7 42. Qf1 Re4 43. Qg2 Qd3 44. h3 Qd1+ 45. Kh2 Qh5 46. Bg3 Re2 47. Bf2 Bh6 48. Qg8# 1-0

[Event "Late-Titled-Tuesday-Blitz-March-12-2024"]
[Site "Chess.com"]
[Date "2024.03.12"]
[Round "4"]
[White "lluiss"]
[Black "falzehope0"]
[Result "1-0"]
[WhiteElo "2248"]
[BlackElo "2423"]
[TimeControl "180+1"]
[EndTime "14:38:23 PDT"]
[Termination "lluiss won by checkmate"]

1. Nf3 d6 2. d4 Nf6 3. g3 Nbd7 4. Bg2 e5 5. c4 Be7 6. Nc3 O-O 7. O-O Re8 8. h3 c6 9. e4 Qc7 10. Re1 Nf8 11.
Be3 Ng6 12. Qc2 Bd7 13. Rad1 Qc8 14. Kh2 h6 15. b4 b6 16. dxe5 dxe5 17. c5 b5 18. a4 a6 19. Ra1 Rb8 20. axb5 axb5 21. Ra3 Be6 22. Rea1 Nh7 23. h4 Nf6 24. Qc1 Rd8 25. Ra7 Rd3 26. Nxe5 Nxe5 27. Rxe7 Neg4+ 28. Kg1 Nxe3 29. fxe3 Bh3 30. Raa7 Qg4 31. Rxf7 Nh5 32. Qf1 Bxg2 33. Qxg2 Rxc3 34. e5 Nxg3 35. Rxg7+ Qxg7 36. Rxg7+ Kxg7 37. Qxc6 Rf8 38. Qd7+ Kh8 39. Qd4 Rc2 40.
e6+ Kg8 41. Qg4+ Kh7 42. e7 Rg8 43. Qxg8+ Kxg8 44. e8=Q+ Kg7 45. Qe7+ Kg8 46. Qd8+ Kg7 47. Qd7+ Kg6 48. Qd3+ Nf5 49. Qxc2 Kf6 50. c6 Nxe3 51. Qc3+ Kf5 52. Qxe3 Kg4 53. c7 Kxh4 54. c8=Q h5 55.
Qf8 Kg4 56. Qff4# 1-0

[Event "Late-Titled-Tuesday-Blitz-March-12-2024"]
[Site "Chess.com"]
[Date "2024.03.12"]
[Round "4"]
[White "Rud_Makarian"]
[Black "TenisMaster"]
[Result "1-0"]
[WhiteElo "3062"]
[BlackElo "2889"]
[TimeControl "180+1"]
[EndTime "14:38:24 PDT"]
[Termination "Rud_Makarian won by resignation"]

1. d4 Nf6 2. c4 e6 3. Nf3 d5 4. g3 dxc4 5. Bg2 a6 6. O-O Nc6 7. e3 Bd7 8. a4 Rb8 9. a5 b5 10. axb6 cxb6 11. Rxa6 Nb4 12. Ra7 Nc6 13. Ra6 Nb4 14.
Ra7 Nc6 15. Ra1 Be7 16. Nc3 b5 17. Ne5 Qb6 18. Nxd7 Nxd7 19. d5 Nce5 20. dxe6 fxe6 21. b3 O-O 22. bxc4 bxc4 23. Ba3 Bxa3 24. Rxa3 Qb4 25.
Qa1 Nd3 26. Ra7 Nf6 27. Ne4 Qb2 28. Nxf6+ Rxf6 29. Qxb2 Rxb2 30. f4 Rf7 31. Ra8+ Rf8 32. Ra7 Rc8 33. Bh3 Rc6 34. f5 e5 35. Bg2 Rc8 36.
Bd5+ Kh8 37. Be6 Rd8 38. f6 gxf6 39. Rxf6 Nc5 40. Bxc4 Ne4 41. Rff7 Ng5 42. Rf5 Rd1+ 43. Bf1 Nh3+ 44. Kh1 Nf2+ 45. Kg2 Ne4+ 46. Kh3 Rd8 47. Bc4 Nf2+ 48. Kh4 Ne4 49. h3 Nd6 50. Rh5 Nxc4 51. Raxh7+ Kg8 52. Rh8+ Kg7 53. Rxd8 Nxe3 54. Rxe5 Kf6 55.
Rxe3 Rb4+ 56. g4 Rb5 57. Rd4 1-0

[Event "Late-Titled-Tuesday-Blitz-March-12-2024"]
[Site "Chess.com"]
[Date "2024.03.12"]
[Round "4"]
[White "varunkrishnanchess"]
[Black "AlexeiShirov"]
[Result "0-1"]
[WhiteElo "2611"]
[BlackElo "2867"]
[TimeControl "180+1"]
[EndTime "14:38:26 PDT"]
[Termination "AlexeiShirov won by resignation"]

1. e4 e5 2. Nf3 Nc6 3. d4 exd4 4. Nxd4 Qf6 5. Nxc6 Bc5 6. Qd2 dxc6 7. Bd3 Ne7 8.
Qf4 Be6 9. Qxf6 gxf6 10. Bf4 O-O-O 11. Nc3 Ng6 12. Bg3 h5 13. h4 Ne5 14. O-O-O Rhg8 15. Be2 Ng4 16. Bxg4 Rxg4 17. Rxd8+ Kxd8 18. Re1 Bd6 19. Bxd6 cxd6 20. g3 f5 21. e5 f4 22. Ne4 fxg3 23. Nxg3 Rxh4 24. exd6 Kd7 25. Re5 Rf4 26. Rxh5 Rxf2 27.
Ne4 Rf1+ 28. Kd2 b6 29. Rh7 Bd5 30. Nc3 Kxd6 31. Nxd5 cxd5 32. Rh8 Rf2+ 33. Kd3 Rf3+ 34. Kd2 f5 35. Ra8 a5 36. Rb8 Kc6 37. Rc8+ Kd6 38. Rd8+ Kc5 39. Rc8+ Kd4 40. Rc6 Rf2+ 41. Kd1 b5 42. Ra6 a4 43. Rb6 Kc5 44. Rf6 f4 45. a3 f3 46. Rf4 d4 47. Kc1 Rf1+ 48. Kd2 f2 49. Ke2 Rc1 50. Kxf2 Rxc2+ 51. Kf3 Rxb2 52.
Ke4 Re2+ 53. Kd3 Re3+ 54. Kd2 Rxa3 55. Rf8 Rb3 56. Rc8+ Kb4 57. Rd8 a3 58. Rxd4+ Ka5 59. Rd8 Rb2+ 60. Kc3 b4+ 61. Kc4 a2 62. Kc5 Rc2+ 63.
Kd5 Ka4 64. Ra8+ Kb3 0-1

[Event "Late-Titled-Tuesday-Blitz-March-12-2024"]
[Site "Chess.com"]
[Date "2024.03.12"]
[Round "4"]
[White "TheCavemanChess"]
[Black "yobdc"]
[Result "1-0"]
[WhiteElo "2770"]
[BlackElo "2572"]
[TimeControl "180+1"]
[EndTime "14:38:26 PDT"]
[Termination "TheCavemanChess won by resignation"]

1. Nf3 Nf6 2. g3 g6 3. Bg2 Bg7 4. O-O O-O 5. c4 d6 6. d4 Nc6 7. Nc3 e5 8. d5 Ne7 9. e4 a5 10. Ne1 Nd7 11. Nd3 c6 12. Be3 Kh8 13. c5 dxc5 14.
d6 Ng8 15. Nxc5 Nxc5 16. Bxc5 b6 17. Ba3 Ba6 18. d7 Bxf1 19. Bxf1 Nf6 20. Bh3 Qc7 21.
Bd6 Qd8 22. Bxe5 Ra7 23. Qd6 Nxd7 24. Bxg7+ Kxg7 25. Qxc6 Nc5 26. Rd1 Qc7 27. Qd5 Re8 28. Nb5 Qb7 29. Nxa7 Qxa7 30. Bg2 Qc7 31. h4 h5 32. Kh2 Re7 33. Qd4+ f6 34. Qc4 Rd7 35. Rd5 Rxd5 36. exd5 Qe5 37. Qb5 Qd6 38. Qc6 Qxc6 39. dxc6 Na6 40. Be4 f5 41. Bd5 Nc7 42. Bb3 Kf6 43.
f4 b5 44. a3 Ke7 45. Kg2 a4 46. Ba2 Na6 47. Kf3 b4 48. Bc4 bxa3 49. bxa3 Nc5 50. Ke3 Ne4 51. Kd4 Nxg3 52. Ke5 Kd8 53. Bf7 Kc7 54. Bxg6 Kxc6 55. Be8+ Kc5 56. Bxa4 Ne2 57. Kxf5 Nd4+ 58. Kg5 Nf3+ 59. Kxh5 Kd6 60. Kg4 Nd4 61. Bd1 Ke7 62. a4 Kf6 63. a5 Nb5 64. a6 Na7 65. h5 1-0

[Event "Late-Titled-Tuesday-Blitz-March-12-2024"]
[Site "Chess.com"]
[Date "2024.03.12"]
[Round "4"]
[White "OverallStranger"]
[Black "zajka-molotok"]
[Result "0-1"]
[WhiteElo "2395"]
[BlackElo "2570"]
[TimeControl "180+1"]
[EndTime "14:38:29 PDT"]
[Termination "zajka-molotok won by resignation"]

1. e4 c5 2. Nc3 Nc6 3. Bb5 g6 4. Bxc6 dxc6 5. d3 Bg7 6. Be3 b6 7. Qd2 e5 8. h3 Nf6 9. Bh6 O-O 10. Bxg7 Kxg7 11. f4 exf4 12. Qxf4 Nh5 13. Qf2 Qd4 14. Qd2 Ng3 15. Nge2 Qe5 16. Nxg3 Qxg3+ 17. Qf2 Qxf2+ 18. Kxf2 f5 19. Ke3 f4+ 20. Kf3 g5 21. Nd1 h5 22.
Nf2 Be6 23. Rag1 Rad8 24. Ke2 a5 25. a3 c4 26. g3 Kh6 27. gxf4 Rxf4 28. Rg2 cxd3+ 29.
cxd3 Rdf8 30. Rhg1 c5 31. Rh2 a4 32. Rg3 h4 33. Rg1 Rf3 34. Ng4+ Kh5 35. Nf2 Rg3 36.
Rhg2 Rff3 37. Rxg3 Rxg3 38. Rh1 c4 39. dxc4 Bxc4+ 40. Kd2 Be6 41. e5 Kg6 42. Rf1 Bxh3 43. Nxh3 Rxh3 44.
e6 Rh2+ 45. Kd1 Rh3 46. Re1 Rd3+ 47. Ke2 Rd8 48. Kf3 Re8 49. Kg4 Kf6 50. Rf1+ Kxe6 51. Kxg5 Rh8 52. Kg4 h3 53. Rh1 h2 54. Kg3 Kd5 55.
Kg2 Kc4 56. Rd1 h1=Q+ 57. Rxh1 Rxh1 58. Kxh1 Kb3 0-1

[Event "Late-Titled-Tuesday-Blitz-March-12-2024"]
[Site "Chess.com"]
[Date "2024.03.12"]
[Round "4"]
[White "pooh2012"]
[Black "JiiHart"]
[Result "1-0"]
[WhiteElo "2542"]
[BlackElo "2201"]
[TimeControl "180+1"]
[EndTime "14:38:30 PDT"]
[Termination "pooh2012 won on time"]

1. d4 d5 2. c4 c5 3. dxc5 e6 4. cxd5 Bxc5 5. Nc3 Nf6 6. dxe6 Qxd1+ 7. Nxd1 Bxe6 8.
Nf3 Nc6 9. a3 O-O 10. Nc3 Rac8 11. Bg5 Nd5 12. Nxd5 Bxd5 13. e3 f6 14. Bf4 Rfd8 15.
Be2 g5 16. Bg3 h5 17. h4 g4 18. Nd2 Bxg2 19. Rg1 Bd5 20. Bf4 Bf7 21. f3 f5 22. fxg4 fxg4 23. Ne4 Be7 24. Ng5 Bxg5 25. hxg5 Re8 26. Kf2 Bg6 27. Rac1 Kh7 28. Rgd1 Ne7 29.
Rxc8 Nxc8 30. Rd7+ Re7 31. Rd8 Nb6 32. Bb5 h4 33. Bd3 Bxd3 34. Rxd3 Nc4 35. b4 g3+ 36.
Kg2 Nb6 37. Rd6 Nc4 38. Rh6+ Kg7 39. Kf3 Nxa3 40. Rxh4 Nc4 41. Rh3 g2 42. Kxg2 b6 43. Kf3 a5 44. bxa5 bxa5 45. Rh6 a4 46. Ra6 a3 47. e4 Rb7 48. Kg4 Rb2 49. Kf5 a2 50. Ra7+ Kf8 51. g6 1-0

[Event "Late-Titled-Tuesday-Blitz-March-12-2024"]
[Site "Chess.com"]
[Date "2024.03.12"]
[Round "4"]
[White "simaopdias"]
[Black "Rogarcia1"]
[Result "0-1"]
[WhiteElo "2258"]
[BlackElo "2510"]
[TimeControl "180+1"]
[EndTime "14:38:30 PDT"]
[Termination "Rogarcia1 won by resignation"]

1. e4 c5 2. Nf3 d6 3. d4 cxd4 4. Nxd4 Nf6 5. Nc3 a6 6. Be2 e5 7. Nb3 Be7 8. O-O O-O 9. f4 exf4 10. Bxf4 Nc6 11. a4 Ne5 12. Be3 Be6 13. Nd4 Rc8 14.
a5 Nfd7 15. Nf5 Nc5 16. Qe1 Bc4 17. Qg3 g6 18. Bh6 Re8 19. Bxc4 Nxc4 20. Nd5 Bf6 21. Bc1 Nxe4 22. Qg4 Bg7 23. Nxg7 Kxg7 24. b3 Ncd2 25.
Bb2+ Re5 26. Rfe1 Rxc2 27. Bxe5+ dxe5 28. Ne3 Rc8 29. Kh1 Qf6 30. Qe2 Qg5 31. Kg1 Nxb3 32.
Ra4 Nd4 33. Qf1 Nf6 34. Nd1 Re8 35. Nf2 Ne6 36. Rd4 exd4 37. h3 d3 38. Rd1 d2 39.
Nd3 Nd4 40. Kh1 Qe3 41. Nf2 Qe2 42. Qg1 Nc2 43. Rf1 Ne3 44. Nd1 Nxf1 45. Nc3 Ng3+ 46.
Kh2 Qe3 47. Qd1 Qxc3 0-1

[Event "Late-Titled-Tuesday-Blitz-March-12-2024"]
[Site "Chess.com"]
[Date "2024.03.12"]
[Round "4"]
[White "MaiqMaster"]
[Black "expii"]
[Result "1/2-1/2"]
[WhiteElo "2408"]
[BlackElo "2194"]
[TimeControl "180+1"]
[EndTime "14:38:31 PDT"]
[Termination "Game drawn by repetition"]

1. e4 c5 2. Nc3 d6 3. f4 Nc6 4. Nf3 g6 5. Bb5 Bg7 6. O-O Bd7 7. d3 a6 8. Bxc6 Bxc6 9. Qe1 e6 10. f5 Ne7 11. Bg5 f6 12. Bh4 g5 13. Bg3 e5 14.
Nd2 b5 15. Qe2 h5 16. h4 g4 17. a4 b4 18. Nd1 d5 19. Ne3 d4 20. Nec4 O-O 21. a5 Nc8 22. b3 Nd6 23. Nxd6 Qxd6 24. Nc4 Qe7 25. Be1 Bh6 26. Bd2 Qg7 27. g3 Rae8 28. Kg2 Re7 29. Bxh6 Qxh6 30. Qd2 Qxd2+ 31. Nxd2 Kg7 32. Nc4 Bb5 33. Nb6 Rb7 34. Nd5 Bc6 35.
Nb6 Rxb6 36. axb6 Bb5 37. Ra5 Rb8 38. Rfa1 Rxb6 39. Kf2 Kf7 40. Rxb5 axb5 41. Ra7+ Kg8 42. Ke2 Rb8 43. Ra6 Kg7 44. Ra7+ Kg8 45. Kd2 Rb6 46. Kc1 c4 47. Kb2 c3+ 48. Kb1 Rb8 49. Rc7 Rb6 50. Rc5 Rb8 51. Rc6 Kg7 52. Rc7+ Kg8 53. Re7 Rb6 54.
Rd7 Rb8 55. Rd5 Rb6 56. Rc5 Rb8 57. Rc7 Rb6 58. Rc8+ Kg7 59. Re8 Rb7 60. Ka2 Rb6 61. Kb1 Rb7 62. Re6 Rb8 63. Rc6 Rb7 64. Ra6 Rb8 65. Ra5 Rb7 66. Ra8 Rb6 67. Rd8 Rb7 68.
Ra8 Rb6 69. Ra7+ Kg8 70. Re7 Rb8 71. Re6 Kg7 72. Rd6 Rb7 73. Rc6 Rb8 74. Rc7+ Kg8 75. Rc5 Kg7 76. Rc7+ 1/2-1/2

[Event "Late-Titled-Tuesday-Blitz-March-12-2024"]
[Site "Chess.com"]
[Date "2024.03.12"]
[Round "4"]
[White "TimGrutter03"]
[Black "NovakRatko"]
[Result "1-0"]
[WhiteElo "2593"]
[BlackElo "2406"]
[TimeControl "180+1"]
[EndTime "14:38:32 PDT"]
[Termination "TimGrutter03 won on time"]

1. d4 d5 2. c4 c5 3. cxd5 Qxd5 4. dxc5 Qxd1+ 5. Kxd1 e5 6. Nf3 Nc6 7. a3 Bxc5 8. e3 Bf5 9. b4 O-O-O+ 10. Nbd2 Bd6 11. Bb2 f6 12. e4 Bg6 13. Nh4 Nge7 14. Nxg6 Nxg6 15. g3 Be7 16. Rc1 Kb8 17. Bc4 Nd4 18. Bd5 f5 19. Bxd4 exd4 20. Nc4 Bf6 21. Re1 Rhe8 22.
f4 fxe4 23. Bxe4 d3 24. Kd2 Ne7 25. Bxd3 g6 26. Kc2 Nc6 27. Rxe8 Rxe8 28. Nd6 Nd4+ 29. Kb1 Rd8 30. Ne4 Nb3 31. Rd1 Bg7 32. Ng5 a5 33. Nxh7 axb4 34. axb4 Rd4 35. Bc2 Rxb4 36. Bxb3 Rxb3+ 37. Kc1 Rc3+ 38. Kd2 b5 39. Nf8 b4 40. Nxg6 b3 41. Rb1 Rc2+ 42. Kd3 Rc3+ 43. Ke4 Kc7 44.
Ne5 Kd6 45. h4 Rxg3 46. h5 Bxe5 47. fxe5+ Ke6 48. Rh1 b2 49. h6 Rb3 50. h7 Rb8 51. Rh6+ Ke7 52. Rh1 Ke6 53. Kf4 1-0

[Event "Late-Titled-Tuesday-Blitz-March-12-2024"]
[Site "Chess.com"]
[Date "2024.03.12"]
[Round "4"]
[White "cthulhuuu"]
[Black "Alexm42100"]
[Result "1-0"]
[WhiteElo "2396"]
[BlackElo "2114"]
[TimeControl "180+1"]
[EndTime "14:38:32 PDT"]
[Termination "cthulhuuu won on time"]

1. e4 c6 2. d3 d5 3. Nd2 g6 4.
Ngf3 Bg7 5. g3 dxe4 6. dxe4 Nf6 7. Bg2 O-O 8. O-O Bg4 9. h3 Bxf3 10. Qxf3 Nbd7 11.
Qe2 e5 12. Nc4 Qe7 13. b3 b5 14. Ba3 b4 15. Bb2 a5 16. Rad1 Rfd8 17. h4 a4 18. Bh3 Nc5 19. f3 Nfd7 20. Qd2 Nb6 21.
Qe2 Nxc4 22. Qxc4 a3 23. Bc1 Ne6 24. Bxe6 Qxe6 25. Qxe6 fxe6 26. Bg5 Rxd1 27. Rxd1 h6 28. Be7 Bf8 29. Bxf8 Kxf8 30. Rd6 Ke7 31. Rxc6 Rd8 32. Kf2 Rd1 33. Rc4 Ra1 34. Ke3 Rxa2 35. Kd2 Ra1 36. Rxb4 Rg1 37. Ra4 Rxg3 38. Rxa3 Rxf3 39. Ra7+ Kf6 40.
b4 g5 41. hxg5+ hxg5 42. b5 Rf4 43. Ra4 Rf1 44. Rb4 Ra1 45. b6 Ra8 46. b7 Rb8 47. c4 Ke7 48. Ke3 Kd7 49. Rb6 Kc7 50. Rxe6 Kxb7 51.
Rxe5 Rc8 52. c5 Kc6 53. Rxg5 Re8 54. Kd4 Rd8+ 55. Rd5 Re8 56. Rd6+ Kc7 57. e5 Rh8 58. e6 Rh6 59. e7 1-0

[Event "Late-Titled-Tuesday-Blitz-March-12-2024"]
[Site "Chess.com"]
[Date "2024.03.12"]
[Round "4"]
[White "Meri-Arabidze"]
[Black "Koalaskakistis"]
[Result "1-0"]
[WhiteElo "2713"]
[BlackElo "2539"]
[TimeControl "180+1"]
[EndTime "14:38:36 PDT"]
[Termination "Meri-Arabidze won by resignation"]

1. d4 Nf6 2. c4 g6 3. g3 Bg7 4. Bg2 O-O 5. Nc3 d6 6. Nf3 Nbd7 7.
O-O e5 8. e4 exd4 9. Nxd4 Re8 10. f3 Nc5 11. Be3 c6 12. Qc2 Qc7 13. Rad1 a5 14. b3 Nfd7 15. Rfe1 Ne5 16. h3 h5 17. f4 Ned7 18. Bf2 Bh6 19. Nf3 Nf6 20. e5 dxe5 21.
Bxc5 exf4 22. Rxe8+ Nxe8 23. gxf4 Bxf4 24. Bd4 Bf5 25.
Qe2 Ng7 26. Be5 Qb6+ 27. Bd4 Qb4 28. Ne4 Bxe4 29. Qxe4 Bg3 30. Bxg7 Kxg7 31. Rf1 Rd8 32. Kh1 Qc5 33. Qe2 Rd7 34. Qb2+ Kg8 35. Qf6 Rd6 36. Qe7 Bf4 37. Qe4 Bg3 38. Qe8+ Kg7 39. Qe7 Bf4 40. Qe1 Re6 41. Qc3+ Kh7 42. Nd4 Rf6 43.
Ne2 Be5 44. Qc1 Rxf1+ 45. Qxf1 Kg7 46. Ng1 Qe3 47. Nf3 Bf6 48. Qe1 Qf4 49. Qd2 Qf5 50.
Kg1 g5 51. Ne1 g4 52. hxg4 hxg4 53. Qf2 Qd7 54. Nc2 Qd1+ 55. Bf1 Bg5 56. Qe2 Qd6 57. Qxg4 Qe6 58. Qxg5+ 1-0